 Dungeon Crawl Stone Soup version 0.30.0-19-g36f170ea60 (webtiles) character file.

Game seed: 6491119088099073521

1542 sampeng1 the Ruffian (level 8, -1/67 HPs)
             Began as a Pale Draconian Transmuter on May 26, 2023.
             Was a Priest of Uskayaw.
             Slain by a yak (3 damage)
             ... on level 5 of the Dungeon.
             The game lasted 00:16:38 (4383 turns).

sampeng1 the Ruffian (Pale Draconian Transmuter)    Turns: 4383, Time: 00:16:38

Health: -1/67      AC: 10    Str: 15    XL:     8   Next: 56%
Magic:  11/14      EV: 13    Int: 14    God:    Uskayaw [***...]
Gold:   219        SH:  5    Dex: 11    Spells: 12/15 levels left

rFire   . .          .
                       - Unarmed
rCold   . . .        (no shield)
rNeg    . . .        (body armour unavailable)
rPois   .            i - melded +0 hat of Soft Rains {rElec rN+ Str+3 Dex+3}
rElec   .            (no cloak)
rCorr   .            (no gloves)
SInv    .            (boots currently unavailable)
Will    .....        k - amulet of reflection
Stlth   +            h - +4 ring of protection
HPRegen 0.31/turn    (no ring)
MPRegen 0.14/turn

%: reflection
@: short of breath, appendages, studying Poison Magic
A: horns 2, talons 2, breathe steam, AC +6, unfitting armour, cold-blooded,
steam resistance
a: Breathe Steam, End Transformation, Renounce Religion, Stomp, Line Pass


You were on level 5 of the Dungeon.
You worshipped Uskayaw.
Uskayaw was noncommittal.
You had temporarily grown beastly horns and talons.
You visited 1 branch of the dungeon, and saw 5 of its levels.

You collected 219 gold pieces.

Inventory:

Missiles
 e - 3 silver javelins (quivered)
 m - 2 javelins
 n - 2 boomerangs
Armour
 i - the +0 hat of Soft Rains (melded) {rElec rN+ Str+3 Dex+3}
   (You found it on level 2 of the Dungeon)

   Str:       It affects your strength (+3).
   Dex:       It affects your dexterity (+3).
   rElec:     It insulates you from electricity.
   rN:        It protects you from negative energy.
Jewellery
 h - a +4 ring of protection (left hand)
 k - an amulet of reflection (around neck)
 t - a ring of wizardry
 u - an amulet of the acrobat
Wands
 o - a wand of charming (4)
Scrolls
 b - 5 scrolls of immolation
 f - 4 scrolls of identify
 j - a scroll of poison {unknown}
 l - a scroll of vulnerability {unknown}
 p - 2 scrolls of teleportation {unknown}
 q - a scroll of amnesia
Potions
 a - a potion of lignification
 c - 2 potions of might
 d - 2 potions of invisibility
 g - 3 potions of curing
 r - a potion of ambrosia {unknown}
 s - a potion of cancellation {unknown}


   Skills:
 + Level 4.4 Fighting
 + Level 4.0 Dodging
 + Level 5.1 Unarmed Combat
 + Level 4.2 Spellcasting
 + Level 4.5 Transmutations
 + Level 2.3 Fire Magic
 + Level 2.3 Air Magic
 + Level 3.1 Poison Magic
 + Level 2.3 Invocations
 + Level 2.3 Evocations


You had 12 spell levels left.
You knew the following spells:

 Your Spells              Type           Power      Damage    Failure   Level
a - Beastly Appendage     Tmut           30%        N/A       3%          1
b - Wereblood             Tmut           15%        N/A       4%          2

Your spell library contained the following spells:

 Spells                   Type           Power      Damage    Failure   Level
 Spider Form              Tmut/Pois      13%        N/A       12%         3
 Apportation              Tloc           4%         N/A       19%         1
 Freeze                   Ice            8%         1d3       19%         1
 Vhi's Electric Charge    Tloc/Air       12%        N/A       34%         3
 Frozen Ramparts          Ice            4%         1d1       50%         3
 Hailstorm                Conj/Ice       2%         3d3       50%         3
 Ice Form                 Ice/Tmut       9%         N/A       58%         4
 Alistair's Intoxication  Tmut/Pois      8%         N/A       73%         5
 Arcjolt                  Conj/Air       3%         1d13      97%         5
 Maxwell's Capacitive Co  Air            4%         ∞         100%        8


Dungeon Overview and Level Annotations

Branches:
Dungeon (5/15)
 Temple: D:4-7

Altars:
Nemelex Xobeh
Ru
Uskayaw

Shops:
D:2 *   D:4 (:!


Innate Abilities, Weirdness & Mutations

You have temporarily grown beastly horns and talons.
You can breathe blasts of scalding, opaque steam.
Your pale cyan-grey scales are hard. (AC +6)
You cannot fit into any form of body armour.
You are cold-blooded and may be slowed by cold attacks.
You are immune to the effects of steam.


Message History

The yak is no longer paralysed. x4; The yak gores you but does no damage.
The yak is engulfed in a cloud of scalding steam. x2
You kill the yak!
Your Dodging skill increases to level 4!
Your Unarmed Combat skill increases to level 5!
Your Fire Magic skill increases to level 2!
Your Air Magic skill increases to level 2!
Your Invocations skill increases to level 2!
Your Evocations skill increases to level 2!
The yak misses you. x2; The yak gores you.
The worm is engulfed in a cloud of scalding steam.
You kill the worm!
You punch the yak!
The yak is heavily wounded.
The yak barely misses you.
The yak is engulfed in a cloud of scalding steam.
You kill the yak!
The yak closely misses you.
Uskayaw will force your foes to helplessly watch your dance.
Your Poison Magic skill increases to level 3!
You hit the yak but do no damage. You claw the yak, but do no damage.
The yak is heavily wounded.
The yak closely misses you.
The yak is engulfed in a cloud of scalding steam.
The yak gores you.
You hit the yak. You claw the yak. Your headbutt misses the yak.
The yak is severely wounded.
The yak closely misses you. The yak gores you!
* * * LOW HITPOINT WARNING * * *
You hit the yak but do no damage. You claw the yak. You headbutt the yak.
Your punch misses the yak.
The yak is almost dead.
The yak gores you.
* * * LOW HITPOINT WARNING * * *
The yak gores you!
* * * LOW HITPOINT WARNING * * *
You feel better. The yak gores you!
* * * LOW HITPOINT WARNING * * *
The yak gores you.
You die...

#. #..# #. #######..## ..
#.........# .##
####.........# .. ...
+.........#
#.###.##.####.........#
#...........#.........#
....###Y.#.##.#.........#
.......Y@#.##.#######.###
...[.###.#.##.......#.#
.........#.##.......#.#
.....###...##.......#.#
...........##.........# .
.........<.........##
#.##..............##
.$....###.........# ###..
#....>..>.#


You could see 2 yaks.

Vanquished Creatures
  2 yaks (D:5)
  Sigmund (D:2)
  A wyvern (D:5)
  2 ice beasts
  A black bear (D:5)
  Blork the orc (D:5)
  2 scorpions
  A jelly (D:4)
  An orc priest (D:4)
  3 iguanas (D:4)
  Terence (D:2)
  6 orc wizards
  7 adders
  A white imp (D:5)
  3 worms
  3 dart slugs
  15 orcs
  12 ball pythons
  7 bats
  7 endoplasms
  A giant cockroach (D:3)
  12 goblins
  8 hobgoblins
  2 quokkas
  A frilled lizard (D:1)
  3 kobolds
  10 rats
114 creatures vanquished.

Notes
Turn   | Place    | Note
-------+----------+-------------------------------------------
     0 | D:1      | sampeng1 the Draconian Transmuter began the quest for the
                  | Orb.
     0 | D:1      | Reached XP level 1. HP: 16/16 MP: 3/3
   100 | D:1      | You fall into a shaft and drop 1 floor!
   134 | D:2      | Reached XP level 2. HP: 23/23 MP: 5/5
   273 | D:2      | Found Qubrel's Assorted Antiques.
   376 | D:2      | Noticed Sigmund
   395 | D:2      | Killed Sigmund
   396 | D:2      | Reached XP level 3. HP: 30/30 MP: 7/7
   396 | D:2      | Reached XP level 4. HP: 37/37 MP: 8/8
   396 | D:2      | Reached XP level 5. HP: 42/42 MP: 9/9
   417 | D:2      | Noticed Terence
   431 | D:2      | Killed Terence
   440 | D:2      | Learned a level 2 spell: Wereblood
   670 | D:2      | Found a faded altar of an unknown god.
   700 | D:2      | Identified the +0 hat of Soft Rains {rElec rN+ Str+3 Dex+3}
   742 | D:2      | Identified the +5 whip "Alech" {venom, Will+}
  1183 | D:1      | Reached skill level 4 in Unarmed Combat
  1614 | D:3      | Reached XP level 6. HP: 51/51 MP: 10/10
  2612 | D:4      | Your scales start taking on a pale cyan-grey colour.
  2612 | D:4      | Reached XP level 7. HP: 41/57 MP: 12/12
  2612 | D:4      | Gained mutation: You are immune to the effects of steam.
                  | [Pale Draconian growth]
  2687 | D:4      | Found a hide-covered altar of Uskayaw.
  2707 | D:4      | Became a worshipper of Uskayaw the Reveller
  2737 | D:4      | Reached * piety under Uskayaw
  2845 | D:4      | Found Rumpiabb's Book Shop.
  2852 | D:4      | Reached ** piety under Uskayaw
  2864 | D:4      | Reached *** piety under Uskayaw
  2980 | D:4      | Found Vumaqy's Distillery.
  3213 | D:4      | Reached skill level 1 in Poison Magic
  3303 | D:4      | Found Afuese's Weapon Shoppe.
  3567 | D:4      | Reached skill level 1 in Fire Magic
  3642 | D:4      | Identified the +11 war axe "Haun" {speed, rElec rC+ Int+2}
  3712 | D:4      | Reached skill level 1 in Evocations
  3784 | D:5      | Entered Level 5 of the Dungeon
  3784 | D:5      | Noticed Blork the orc
  3784 | D:5      | Found a sacrificial altar of Ru.
  3799 | D:5      | Killed Blork the orc
  3800 | D:5      | Reached skill level 1 in Air Magic
  3800 | D:5      | Reached skill level 1 in Invocations
  3921 | D:5      | Noticed a wyvern
  3933 | D:5      | Killed a wyvern
  3934 | D:5      | Reached XP level 8. HP: 53/66 MP: 13/13
  4139 | D:5      | Found a sparkling altar of Nemelex Xobeh.
  4378 | D:5      | Reached skill level 5 in Unarmed Combat
  4383 | D:5      | HP: 2/67 [yak (12)]
  4383 | D:5      | Slain by a yak

Illustrated notes

Levels and vault maps discovered:
D:1:      dpeg_arrival_rooms_a, layout_basic
D:2:      layout_rooms, serial_shops, nicolae_shop_advertising_works
          [nicolae_subvault_shop_adworks],
          hellmonk_ecumenical_altar_pennies_from_heaven, uniq_sigmund,
          uniq_terence
D:3:      layout_rooms, minmay_surrounded
D:4:      cheibrodos_quashed, layout_cave_pods, nicolae_uskayaw_suspiria,
          serial_shops, shop, nicolae_shop_bloodbath_and_beyond,
          nicolae_shop_industrial_runoff, kennysheep_flooded_box, minivault_27
D:5:      layout_basic, lemuel_crystal_altar, nemelex_diamond_rough_becter,
          gammafunk_temple_overflow_pools, roderic_serpentine_path, uniq_ijyb,
          uniq_blork_the_orc, uniq_crazy_yiuf_cottage

Skill      XL: |  1  2  3  4  5  6  7  8 |
---------------+-------------------------+-----
Dodging        | 2 3 4 |  4.0
Fighting       | 2 3 4 |  4.4
Transmutations | 3 4 |  4.5
Spellcasting   | 3 4 |  4.2
Unarmed Combat | 4 5 |  5.1
Poison Magic   | 2 3 |  3.1
Fire Magic     | 1 2 |  2.3
Evocations     | 1 2 |  2.3
Air Magic      | 1 2 |  2.3
Invocations    | 1 2 |  2.3

Action                     |  1- 3 |  4- 6 |  7- 9 || total
---------------------------+-------+-------+-------++-------
  Melee: Unarmed           |    70 |   235 |   188 ||   493
         Tailslap          |     8 |    27 |    29 ||    64
         Kick              |     4 |    16 |     5 ||    25
         Headbutt          |     1 |    14 |     5 ||    20
         Punch             |       |     6 |     5 ||    11
   Cast: Beastly Appendage |     2 |     7 |     2 ||    11
 Invoke: Stomp             |       |       |     1 ||     1
Ability: Breathe Steam     |       |       |     2 ||     2
    Use: Scroll            |       |     5 |       ||     5
         Potion            |       |     2 |     1 ||     3
   Stab: Sleeping          |       |     1 |       ||     1
         Paralysed         |       |       |     2 ||     2
 Armour: Skin              |    36 |    88 |    57 ||   181
  Dodge: Dodged            |    48 |   167 |    94 ||   309
  Block: Other             |       |    37 |    39 ||    76
